Map: Incorporeal LE

Players

Zoun - Winner!

  • Race: Protoss Protoss
  • League: Master
  • Spawn Location: 11:00

LiquidElazer (Elazer)

  • Race: Zerg Zerg
  • Spawn Location: 5:00

Event: HomeStory Cup XXVII

VOD

Have the link to the VOD?

Description

Time

  • Played on: June 28, 2025, 8:59 a.m.
  • Length: 17:50

All games in this series

Show
View Real Time Build Order
Export as new Build Order

Zoun Protoss - Winner!

Build Orders: 1 Gate Expand, Oracle Opening 

Get SALT Encoding   

  12  0:00  Probe  
  13  0:12  Probe  
  14  0:20  Pylon  
  14  0:24  Probe  
  15  0:34  Probe  
  15  0:39  Gateway  
  15  0:42  Probe  
  16  0:49  Assimilator  
  17  0:52  Probe  
  18  1:04  Probe  
  19  1:17  Probe  
  20  1:26  Nexus  
  20  1:37  Cybernetics Core  
  20  1:41  Probe  
  21  1:47  Assimilator  
  21  1:53  Probe  
  22  1:55  Pylon  
  22  2:05  Probe, Adept  
  25  2:17  Probe  
  25  2:18  Stargate  
  26  2:26  Adept  
  26  2:27  Warp Gate  
  26  2:29  Probe  
  27  2:35  Probe  
  29  2:41  Probe  
  29  2:43  Probe  
  32  2:53  Probe x2, Stalker  
  36  2:59  Oracle  
  36  3:05  Probe  
  37  3:07  Probe  
  41  3:17  Probe  
  41  3:19  Probe  
  43  3:20  Pylon  
  43  3:28  Gateway  
  43  3:29  Probe  
  43  3:32  Probe  
  45  3:38  Oracle  
  45  3:41  Probe  
  49  3:46  Probe  
  50  3:54  Probe  
  50  3:55  Nexus  
  51  3:57  Pylon  
  51  4:00  Probe  
  52  4:03  Twilight Council  
  52  4:07  Assimilator  
  52  4:08  Probe  
  52  4:09  Assimilator  
  53  4:12  Probe, Blink  
  53  4:16  Adept  
  56  4:21  Shield Battery  
  56  4:22  Probe, Adept  
  59  4:25  Probe  
  60  4:32  Pylon  
  60  4:34  Probe  
  60  4:37  Probe  
  62  4:43  Forge  
  62  4:50  Probe, Adept x2  
  62  4:52  Pylon  
  67  4:56  Probe  
  68  5:02  Probe  
  69  5:08  Probe x2  
  69  5:11  Gateway  
  69  5:13  Gateway, Protoss Ground Weapons Level 1  
  71  5:14  Probe  
  71  5:20  Probe  
  69  5:23  Probe  
  69  5:26  Probe  
  63  5:28  Gateway  
  63  5:30  Stalker  
  63  5:32  Gateway, Probe  
  63  5:34  Probe  
  65  5:36  Probe  
  65  5:40  Templar Archives  
  65  5:41  Stalker  
  65  5:42  Probe  
  70  5:43  Probe  
  70  5:45  Shield Battery  
  72  5:55  Pylon  
  72  5:56  Probe x2  
  74  5:57  Probe  
  74  6:00  Stalker  
  74  6:02  Charge  
  77  6:04  Stalker  
  77  6:07  Stalker  
  77  6:08  Probe x2  
  77  6:10  Psionic Storm, Assimilator  
  83  6:17  Probe, Assimilator  
  81  6:20  Probe x2  
  81  6:25  Adept  
  85  6:27  Stalker x2  
  85  6:30  Pylon  
  90  6:35  Robotics Facility  
  90  6:39  Stalker  
  91  6:40  Shield Battery  
  91  6:43  Photon Cannon  
  91  6:45  High Templar  
  93  6:47  Photon Cannon  
  93  6:51  Photon Cannon  
  93  6:53  High Templar  
  95  6:58  Stalker  
  95  6:59  Stalker  
  99  7:04  Gateway, Probe  
  99  7:06  Gateway  
  100  7:14  High Templar, Photon Cannon  
  102  7:16  Probe  
  102  7:19  Probe x2  
  102  7:21  Pylon  
  102  7:22  High Templar  
  107  7:26  Zealot  
  109  7:30  Pylon x2  
  109  7:37  Protoss Ground Weapons Level 2  
  109  7:38  Gateway  
  109  7:39  Observer, Gateway  
  109  7:40  Stalker  
  112  7:47  Warp Prism  
  112  7:48  High Templar  
  112  7:49  Pylon, Zealot  
  112  7:50  Zealot  
  118  7:55  Pylon  
  118  7:56  Stalker  
  118  7:58  Pylon, Sentry  
  124  8:02  Zealot  
  126  8:08  Pylon x2  
  126  8:13  Stalker x3  
  132  8:21  Zealot x4  
  136  8:33  Fleet Beacon  
  134  8:36  Zealot x4  
  139  8:55  Zealot x5  
  139  9:06  High Templar x3  
  139  9:07  Zealot x2  
  148  9:17  Tempest  
  148  9:22  Stargate, Probe x2  
  152  9:29  Probe  
  153  9:34  Probe x2  
  153  9:35  Observer  
  155  9:40  Pylon  
  155  9:41  Probe  
  155  9:43  Zealot x5  
  165  9:45  Pylon  
  165  9:46  Pylon  
  165  9:57  Observer, Tempest  
  168  10:09  Zealot x5  
  168  10:13  Tempest  
  172  10:17  Nexus  
  172  10:18  Nexus  
  170  10:32  Tempest  
  160  10:35  Protoss Ground Weapons Level 3  
  158  10:50  Probe x2  
  158  10:52  Shield Battery  
  158  10:53  High Templar  
  158  10:54  Photon Cannon  
  162  11:03  Zealot x8  
  178  11:11  Protoss Air Weapons Level 1  
  172  11:12  Shield Battery  
  170  11:20  Zealot  
  161  11:26  Zealot x5  
  161  11:30  Probe x3  
  161  11:32  Observer  
  174  11:37  High Templar  
  174  11:38  High Templar x3  
  182  11:45  Assimilator  
  182  11:46  Probe x2  
  184  11:49  Assimilator  
  184  11:53  Pylon, Tempest  
  184  12:05  Archon x2  
  184  12:06  Zealot x6  
  196  12:13  Archon  
  189  12:22  High Templar x3  
  193  12:25  Tempest  
  197  12:32  Zealot  
  199  12:39  Probe x2  
  192  12:49  Zealot x5  
  192  12:50  Probe x2  
  178  12:51  Probe  
  169  13:04  Probe x4  
  167  13:11  Assimilator, High Templar x4  
  173  13:15  Probe  
  173  13:16  Probe, Archon x2  
  173  13:17  Zealot x4  
  181  13:21  Probe x2  
  174  13:28  Mothership  
  180  13:34  Unknown  
  180  13:38  Zealot x4  
  184  13:47  Tempest x2  
  166  13:54  Probe  
  149  13:57  Probe  
  149  14:02  Immortal  
  141  14:04  High Templar x4  
  141  14:05  Zealot x3  
  151  14:10  Assimilator  
  151  14:11  Sentry, Archon x2  
  157  14:27  Pylon  
  157  14:28  Photon Cannon, Zealot x3  
  160  14:35  Observer  
  160  14:37  Zealot x4  
  164  14:43  Observer  
  153  14:47  Tempest  
  154  14:57  High Templar x2  
  158  15:01  Observer  
  158  15:04  Photon Cannon  
  158  15:05  Shield Battery, Photon Cannon  
  158  15:12  Zealot  
  158  15:13  Zealot x3  
  166  15:16  High Templar  
  166  15:19  Oracle  
  166  15:20  Protoss Ground Armor Level 1  
  166  15:21  Observer  
  160  15:26  Photon Cannon  
  160  15:27  Photon Cannon  
  163  15:36  Zealot  
  163  15:37  Observer  
  163  15:41  Observer  
  163  15:42  High Templar x4  
  173  15:44  Pylon  
  173  15:46  Archon x2  
  174  16:04  Zealot x2  
  174  16:05  Zealot  
  178  16:16  Zealot  
  180  16:26  Nexus  
  180  16:28  Pylon  
  180  16:35  Immortal  
  180  16:38  High Templar x4  
  192  16:43  Archon x2  
  178  16:50  Photon Cannon  
  178  16:51  Photon Cannon  
  178  16:53  Photon Cannon  
  176  16:55  Shield Battery  
  176  16:56  Zealot x4  
  164  17:18  Zealot x6  
  176  17:30  Stalker  
  176  17:31  Stalker  
Show
View Real Time Build Order
Export as new Build Order

LiquidElazer Zerg 

Build Orders: Hatch First, Lurkers 

Get SALT Encoding   

  12  0:00  Drone  
  13  0:08  Drone  
  13  0:14  Drone, Extractor  
  15  0:21  Overlord  
  15  0:40  Drone  
  16  0:45  Hatchery  
  16  0:49  Drone  
  16  0:52  Drone  
  16  0:55  Drone  
  18  1:06  Extractor  
  18  1:10  Spawning Pool  
  16  1:14  Drone  
  16  1:17  Drone  
  18  1:26  Drone  
  19  1:38  Drone  
  20  1:53  Overlord  
  20  2:00  Queen x2  
  24  2:02  Zergling x2  
  24  2:03  Drone  
  26  2:09  Drone  
  26  2:10  Metabolic Boost  
  26  2:14  Zergling x2  
  28  2:18  Drone  
  28  2:21  Zergling x2  
  30  2:31  Drone x2  
  30  2:36  Queen  
  34  2:43  Drone  
  34  2:44  Overlord  
  35  2:53  Hatchery  
  35  2:55  Zergling x2  
  35  2:56  Zergling x2  
  36  3:04  Overlord  
  36  3:06  Drone  
  36  3:09  Drone x3  
  36  3:11  Drone  
  41  3:17  Spore Crawler  
  41  3:18  Drone x2  
  43  3:22  Drone x2  
  45  3:27  Spore Crawler  
  45  3:29  Spore Crawler  
  45  3:31  Drone x2  
  45  3:38  Drone  
  45  3:39  Overlord  
  45  3:41  Drone x3  
  49  3:44  Drone  
  50  3:50  Drone x2  
  50  3:55  Overlord  
  52  3:58  Spore Crawler  
  52  4:02  Drone x2  
  53  4:04  Lair  
  53  4:05  Overlord  
  53  4:07  Drone  
  54  4:12  Drone x3  
  54  4:16  Drone x3  
  59  4:23  Overlord  
  59  4:28  Baneling Nest  
  59  4:29  Drone x4  
  62  4:35  Zergling x2  
  63  4:39  Zergling x4  
  63  4:43  Overlord  
  65  4:46  Zergling x6  
  65  4:48  Extractor  
  65  4:50  Hatchery, Extractor x2  
  65  4:52  Zergling x8  
  68  4:57  Zergling x8  
  72  5:00  Overlord  
  72  5:05  Zergling x4  
  74  5:11  Overlord  
  73  5:19  Drone x10  
  74  5:26  Drone x3  
  74  5:27  Hydralisk Den  
  73  5:29  Drone  
  73  5:36  Drone x2  
  73  5:40  Overlord  
  73  5:41  Extractor x2  
  73  5:51  Overlord  
  73  5:55  Hydralisk x6  
  85  5:57  Zergling x10  
  90  6:07  Drone x4  
  94  6:13  Drone x4  
  94  6:19  Muscular Augments  
  94  6:20  Lurker Den  
  94  6:24  Drone x8  
  101  6:27  Overlord  
  101  6:28  Hydralisk  
  101  6:30  Overseer  
  103  6:33  Hydralisk x3  
  103  6:37  Overlord  
  103  6:38  Hydralisk, Zergling x2  
  103  6:39  Zergling x2  
  113  6:44  Overlord  
  113  6:46  Hydralisk x2  
  117  6:51  Hydralisk  
  119  6:57  Hydralisk  
  119  6:58  Hydralisk x2  
  119  6:59  Overlord  
  119  7:01  Hydralisk  
  125  7:03  Zergling x12  
  133  7:13  Drone x4  
  133  7:15  Extractor x2  
  136  7:18  Infestation Pit  
  136  7:19  Drone  
  136  7:20  Lurker x2  
  136  7:22  Drone x2  
  139  7:23  Grooved Spines  
  139  7:26  Drone x4  
  139  7:28  Drone x4  
  139  7:29  Spore Crawler  
  146  7:30  Overlord  
  146  7:33  Hydralisk x3  
  146  7:37  Hydralisk  
  151  7:41  Hydralisk  
  151  7:42  Hydralisk  
  157  7:50  Overlord  
  157  7:58  Hive  
  157  7:59  Zergling x28  
  157  8:01  Overlord  
  157  8:02  Evolution Chamber  
  157  8:03  Evolution Chamber  
  157  8:04  Hatchery  
  168  8:06  Lurker x3  
  168  8:08  Overlord x2  
  168  8:11  Drone x2, Spine Crawler  
  171  8:14  Lurker  
  171  8:15  Lurker  
  171  8:18  Drone  
  174  8:20  Drone, Spine Crawler  
  174  8:22  Spine Crawler  
  172  8:31  Zerg Melee Weapons Level 1, Zerg Missile Weapons Level 1  
  172  8:32  Lurker  
  172  8:33  Lurker  
  173  8:40  Zergling x2  
  173  8:41  Zergling x22  
  182  8:47  Lurker x3  
  184  8:50  Zergling x8  
  188  8:59  Hydralisk x5  
  189  9:08  Hydralisk x4, Overlord  
  189  9:09  Spine Crawler  
  186  9:15  Zergling x8  
  184  9:22  Zergling x2  
  184  9:23  Zergling x12, Overseer  
  189  9:24  Seismic Spines  
  189  9:25  Adrenal Glands  
  189  9:29  Overlord  
  189  9:33  Lurker  
  182  9:39  Lurker  
  182  9:40  Lurker  
  182  9:43  Zergling x24  
  196  9:50  Lurker x2  
  190  10:07  Zergling x20  
  189  10:18  Lurker x5  
  189  10:19  Zergling x10  
  197  10:21  Adaptive Talons  
  197  10:26  Hydralisk, Zerg Missile Weapons Level 2  
  199  10:32  Zerg Melee Weapons Level 2  
  199  10:36  Hatchery  
  182  10:47  Lurker x3  
  182  10:48  Zergling x20  
  182  10:49  Overlord x2  
  191  11:05  Lurker  
  191  11:08  Lurker  
  191  11:09  Overlord x2  
  191  11:17  Spire  
  164  11:39  Hydralisk x15  
  191  11:47  Hydralisk x3  
  191  11:53  Hatchery  
  196  11:58  Hydralisk  
  196  11:59  Zergling x10  
  183  12:19  Hydralisk x11  
  196  12:26  Zergling x10  
  190  12:33  Overlord  
  190  12:36  Zergling x16  
  186  12:48  Corruptor x5  
  179  12:58  Corruptor  
  168  13:01  Zergling x2  
  168  13:02  Zergling x10, Hatchery  
  164  13:08  Corruptor  
  164  13:10  Unknown  
  163  13:19  Corruptor x3  
  163  13:26  Hydralisk x2  
  159  13:32  Hydralisk x2  
  149  13:41  Hydralisk x3  
  137  13:48  Hydralisk x2, Zergling x10  
  127  13:53  Zergling x2  
  115  13:56  Zergling x2  
  115  13:57  Queen x3  
  104  14:12  Corruptor  
  104  14:13  Corruptor x2  
  108  14:19  Zergling x10  
  108  14:21  Lurker  
  102  14:39  Hatchery  
  102  14:40  Hydralisk x5  
  103  14:47  Zergling x10  
  103  14:52  Lurker  
  106  14:53  Lurker  
  106  14:59  Hydralisk x3  
  107  15:02  Drone x4  
  111  15:16  Hydralisk x6  
  117  15:24  Zergling x16  
  121  15:36  Corruptor x2  
  121  15:40  Lurker  
  121  15:41  Lurker  
  127  15:46  Hatchery  
  127  15:47  Corruptor  
  127  15:48  Corruptor  
  130  15:55  Corruptor  
  132  15:59  Corruptor  
  130  16:04  Corruptor  
  130  16:09  Corruptor  
  132  16:16  Baneling x2  
  132  16:20  Corruptor x3  
  132  16:23  Corruptor  
  136  16:34  Hydralisk x3  
  139  16:47  Lurker x3  
  139  16:50  Zergling x2  
  139  16:51  Zergling x12  
  149  16:57  Lurker x2  
  149  16:58  Lurker  
  150  17:08  Zergling x10  
Tags
 
Add a new tag
Caveats
  • Supply blocks, unpowered buildings, or Contaminate may cause inaccurate times.
  • Supply counts are checked every 10 seconds.